 Dungeon Crawl Stone Soup version 0.29.1-12-g30fa7ad0bf (webtiles) character file.

Game seed: 17174200645223243155

187 tkbsonic5 the Magician (level 5, -1/24 HPs)
             Began as a Spriggan Earth Elementalist on Jan 14, 2023.
             Succumbed to a scorpion's poison
             ... on level 4 of the Dungeon.
             The game lasted 00:13:51 (3435 turns).

tkbsonic5 the Magician (SpEE)                       Turns: 3435, Time: 00:13:51

Health: -1/24      AC:  2    Str: 10    XL:     5   Next: 39%
Magic:  10/12      EV: 21    Int: 18    God:
Gold:   182        SH:  0    Dex: 16    Spells: 3/12 levels left

rFire   . . .      SeeInvis +   w - +2 dagger (venom)
rCold   . . .      Faith    .   (no shield)
rNeg    . . .      Spirit   .   a - +0 robe
rPois   .          Reflect  .   (helmet restricted)
rElec   .          Harm     .   (no cloak)
rCorr   .          Rampage  .   (gloves unavailable)
Will    .....                   (boots unavailable)
Stlth   +++.......              (no amulet)
HPRegen 0.08/turn               c - +6 ring of strength
MPRegen 0.13/turn               j - +4 ring of evasion

@: mighty, brilliant, lethally poisoned (-1 -> -17), very quick
A: very small, no large weapons, unfitting armour, see invisible, speed 3
a: no special abilities


You were on level 4 of the Dungeon.
You visited 1 branch of the dungeon, and saw 4 of its levels.

You collected 182 gold pieces.

Inventory:

Hand Weapons
 d - a +0 dagger
 f - a +0 short sword
 s - a +0 trident of freezing
 u - a +2 spear of flaming
 v - a +2 spear of flaming
 w - a +2 dagger of venom (weapon)
Missiles
 o - 4 poisoned darts
Armour
 a - a +0 robe (worn)
Jewellery
 c - a +6 ring of strength (left hand)
 j - a +4 ring of evasion (right hand)
Scrolls
 e - a scroll of identify {unknown}
 g - a scroll of butterflies
 h - a scroll of magic mapping {unknown}
 l - 3 scrolls of teleportation
 r - a scroll of noise {unknown}
 t - a scroll of blinking {unknown}
Potions
 b - a potion of magic
 i - a potion of attraction {unknown}
 k - a potion of lignification {unknown}
 m - 2 potions of heal wounds {unknown}
 n - 2 potions of brilliance
 p - 2 potions of curing {unknown}
 q - a potion of might


   Skills:
 * Level 0.1 Fighting
 + Level 3.0 Dodging
 + Level 3.9 Stealth
 * Level 4.1 Spellcasting
 * Level 1.1 Conjurations
 * Level 2.6 Transmutations
 * Level 0.8 Fire Magic
 * Level 3.7 Earth Magic


You had 3 spell levels left.
You knew the following spells:

 Your Spells              Type           Power      Damage    Failure   Level
a - Sandblast             Erth           50%        2d12      3%          1
b - Passwall              Tmut/Erth      18%        N/A       6%          2
c - Stone Arrow           Conj/Erth      36%        3d9       16%         3
d - Conjure Flame         Conj/Fire      10%        6-21      28%         3

Your spell library contained the following spells:

 Spells                   Type           Power      Damage    Failure   Level
 Slow                     Hex            20%        N/A       14%         1
 Ignite Poison            Fire/Tmut/Pois 11%        N/A       26%         3
 Confusing Touch          Hex            5%         N/A       41%         3
 Vampiric Draining        Necr           5%         2d6       41%         3
 Petrify                  Tmut/Erth      22%        N/A       36%         4
 Sticky Flame             Conj/Fire      10%        2d3       67%         4


Dungeon Overview and Level Annotations

Branches:
Dungeon (4/15)
 Temple: D:4-7

Altars:


Innate Abilities, Weirdness & Mutations

You are very small and have problems with some larger weapons.
You are too small for most types of armour.
You have supernaturally acute eyesight. (SInv)
You cover ground extremely quickly. (Speed+++)


Message History

The blast of sand misses the hobgoblin.
The blast of sand hits the hobgoblin!
You kill the hobgoblin!
Your magical contamination has completely faded away.
Found a scale mail.
You see here a +2 dagger of venom.
w - a +2 dagger of venom Your +2 spear of flaming stops flaming.
Your +2 dagger of venom begins to drip with poison!
w - a +2 dagger of venom (weapon)
A scorpion comes into view.
The scorpion misses you.
You hit the scorpion but do no damage. The scorpion completely misses you.
The blast of sand hits the scorpion but does no damage.
The scorpion completely misses you. x2
You barely miss the scorpion. The scorpion completely misses you.
The blast of sand hits the scorpion.
The scorpion is lightly wounded.
The scorpion completely misses you. The scorpion stings you.
You are poisoned.
The scorpion poisons you!
The blast of sand hits the scorpion but does no damage.
The scorpion is lightly wounded.
You feel very sick. The scorpion stings you.
You are more poisoned.
The scorpion poisons you! The scorpion stings you.
You are lethally poisoned!
The scorpion poisons you!
You feel very sick.
You feel very sick.
* * * LOW HITPOINT WARNING * * *
You feel very sick.
It was a potion of brilliance.
You feel clever all of a sudden.
* * * LOW HITPOINT WARNING * * *
You feel very sick.
It was a potion of might.
You feel very mighty all of a sudden.
You die...

..........~~~P~P~P.
..........P~~~♣~P~PP
...........P~P~~~♣PP
............P..P~~
..............#P.
.................
............#^##
########...[..#
#@..##.#. #s..P..~~
#..P.~~~≈ #.#P~~♣P~


#.#PPPPP. ######### You could see a scorpion.

Vanquished Creatures
  An iguana (D:4)
  4 gnolls (D:4)
  4 adders
  An ufetubus (D:4)
  3 worms
  A dart slug (D:3)
  9 endoplasms
  7 giant cockroaches
  4 goblins
  5 hobgoblins
  2 jackals (D:3)
  2 quokkas
  4 ball pythons
  8 bats
  5 frilled lizards
  5 kobolds
  7 rats
72 creatures vanquished.

Vanquished Creatures (others)
  8 plants (D:4)
8 creatures vanquished.

Grand Total: 80 creatures vanquished

Notes
Turn   | Place    | Note
-------+----------+-------------------------------------------
     0 | D:1      | tkbsonic5 the Spriggan Earth Elementalist began the quest
                  | for the Orb.
     0 | D:1      | Reached XP level 1. HP: 9/9 MP: 5/5
   202 | D:1      | Reached XP level 2. HP: 13/13 MP: 2/6
   205 | D:1      | Learned a level 2 spell: Passwall
   432 | D:1      | Reached skill level 3 in Spellcasting
   867 | D:1      | Found a faded altar of an unknown god.
  1184 | D:2      | Reached XP level 3. HP: 16/16 MP: 3/8
  1191 | D:2      | Learned a level 3 spell: Stone Arrow
  2109 | D:3      | Learned a level 3 spell: Conjure Flame
  2164 | D:3      | Reached XP level 4. HP: 21/21 MP: 8/10
  2944 | D:4      | Reached skill level 1 in Conjurations
  2944 | D:4      | Reached XP level 5. HP: 24/24 MP: 2/11
  3057 | D:4      | Reached skill level 4 in Spellcasting
  3435 | D:4      | Succumbed to a scorpion's poison

Illustrated notes

Levels and vault maps discovered:
D:1:      minmay_arrival_radiant_lines, layout_rooms, serial_forest,
          infiniplex_forest_lined_4_way, infiniplex_forest_end_1,
          infiniplex_forest_clump_small, infiniplex_forest_clump_long,
          infiniplex_forest_end_3, infiniplex_forest_clump_cross,
          infiniplex_forest_clump_long, shapermc_ecumenical_altar_pompeii
D:2:      layout_loops_ring
D:3:      layout_basic, minmay_bisected
D:4:      layout_basic, mainiacjoe_overflow_concentric_impassable,
          serial_bayou_lagoon_a, corner_web_ring

Skill      XL: |  1  2  3  4  5 |
---------------+----------------+-----
Earth Magic    | 3 |  3.7
Spellcasting   | 3 4 |  4.1
Transmutations | 2 |  2.6
Dodging        | 3 |  3.0
Conjurations   | 1 |  1.1
Fighting       | |  0.1
Stealth        | |  3.9
Fire Magic     | |  0.8

Action                   |  1- 3 |  4- 6 || total
-------------------------+-------+-------++-------
Melee: Dagger            |     8 |     4 ||    12
       Spear             |       |     1 ||     1
 Cast: Sandblast         |    66 |    51 ||   117
       Stone Arrow       |       |     2 ||     2
  Use: Scroll            |       |     3 ||     3
       Potion            |       |     2 ||     2
 Stab: Sleeping          |     6 |     2 ||     8
Armor: Robe              |       |     1 ||     1
Dodge: Dodged            |    14 |    33 ||    47
